 Dungeon Crawl Stone Soup version 0.30-a0-1112-gfb780f5df6 (webtiles) character file.

Game seed: 13679796907457910791

12503 Newt the Pandemonic (level 11, -1/77 HPs)
             Began as a Demonspawn Gladiator on Apr 19, 2023.
             Was a High Priest of Makhleb.
             Slain by a naga
             ... wielding a +0 hand axe
              (12 damage)
             ... on level 2 of the Lair of Beasts.
             The game lasted 00:14:02 (10005 turns).

Newt the Pandemonic (Demonspawn Gladiator)         Turns: 10005, Time: 00:14:03

Health: -1/77      AC: 13    Str: 19    XL:     11   Next: 63%
Magic:  28/28      EV: 15    Int: 10    God:    Makhleb [*****.]
Gold:   1035       SH:  5    Dex: 16    Spells: 19/21 levels left

rFire   . . .      SeeInvis .    J - +5 dire flail of Valour {heavy, rPois rC+ Dex+2}
rCold   + + .      Faith    .    (shield currently unavailable)
rNeg    . . .      Spirit   .    z - +2 ring mail {rC+}
rPois   +          Reflect  +    c - +0 helmet
rElec   .          Rampage  .    p - +0 cloak
rCorr   .                        O - +0 pair of gloves
Will    .....                    (no boots)
Stlth   +                        I - amulet of reflection
HPRegen 0.32/turn                q - +5 ring of evasion
MPRegen 0.21/turn                v - ring of magical power

@: wereblooded, constricted, very slow
A: demonic guardian 2, powered by death 1, sharp scales 1, weakness stinger 2
a: Renounce Religion, Minor Destruction, Lesser Servant of Makhleb, Major
Destruction, Greater Servant of Makhleb


You were on level 2 of the Lair of Beasts.
You worshipped Makhleb.
Makhleb was extremely pleased with you.
You visited 2 branches of the dungeon, and saw 11 of its levels.
You also visited: Ossuary.

You collected 1164 gold pieces.
You spent 129 gold pieces at shops.

Inventory:

Hand Weapons
 a - a +0 rapier of electrocution
 m - the +11 mace "Tormentor" {heavy, *Corrode Str+3 Int+9}
   (You found it on level 2 of the Dungeon)

   Str:       It affects your strength (+3).
   Int:       It affects your intelligence (+9).
   *Corrode:  It may corrode you when you take damage.
 J - the +5 dire flail of Valour (weapon) {heavy, rPois rC+ Dex+2}
   (You acquired it on level 7 of the Dungeon)

   Dex:       It affects your dexterity (+2).
   rC:        It protects you from cold.
   rPois:     It protects you from poison.
Missiles
 d - 6 throwing nets
 e - 4 javelins
 r - 38 poisoned darts
 V - 2 atropa-tipped darts
Armour
 b - a +0 leather armour
 c - a +0 helmet (worn)
 i - a +2 robe of willpower
 p - a +0 cloak (worn)
 w - a scarf of invisibility
 z - a +2 ring mail of cold resistance (worn)
 M - a +3 chain mail
 N - a +2 kite shield
 O - a +0 pair of gloves (worn)
Jewellery
 q - a +5 ring of evasion (left hand)
 v - a ring of magical power (right hand)
 I - an amulet of reflection (around neck)
 Q - a ring of fire
 T - a ring of ice
 U - an amulet of the acrobat
Wands
 h - a wand of acid (4)
 C - a wand of mindburst (42)
 E - a wand of charming (12)
 K - a wand of flame (17)
 S - a wand of iceblast (12)
Scrolls
 k - a scroll of blinking
 t - 11 scrolls of teleportation
 y - a scroll of summoning
 B - a scroll of noise
 D - 3 scrolls of amnesia
 H - 2 scrolls of fog
 L - a scroll of magic mapping
 P - a scroll of immolation
 R - a scroll of poison
Potions
 f - 2 potions of attraction
 g - 3 potions of cancellation
 j - 5 potions of curing
 l - a potion of lignification
 n - 3 potions of brilliance
 o - 2 potions of flight
 s - 2 potions of resistance
 u - 2 potions of invisibility
 x - 3 potions of might
 A - a potion of degeneration
 F - a potion of berserk rage
 G - a potion of mutation


   Skills:
 - Level 4.0 Fighting
 - Level 2.6 Short Blades
 - Level 8.0 Maces & Flails
 - Level 1.7 Throwing
 - Level 8.0 Armour
 - Level 5.0 Dodging
 - Level 4.3 Shields
 - Level 5.8 Spellcasting
 - Level 5.8 Transmutations
 + Level 9.9 Invocations


You had 19 spell levels left.
You knew the following spells:

 Your Spells              Type           Power      Damage    Failure   Level
a - Wereblood             Tmut           14%        N/A       4%          2

Your spell library contained the following spells:

 Spells                   Type           Power      Damage    Failure   Level
 Beastly Appendage        Tmut           28%        N/A       3%          1
 Passwall                 Tmut/Erth      6%         N/A       16%         2
 Spider Form              Tmut/Pois      8%         N/A       30%         3
 Apportation              Tloc           4%         N/A       32%         1
 Sandblast                Erth           4%         2d4       32%         1
 Shock                    Conj/Air       8%         1d3       32%         1
 Stone Arrow              Conj/Erth      4%         3d7       69%         3
 Swiftness                Air            2%         N/A       69%         3
 Volatile Blastmotes      Fire/Tloc      4%         2d10      69%         3
 Alistair's Intoxication  Tmut/Pois      5%         N/A       95%         5
 Airstrike                Air            1%         2d(1-17)  97%         4
 Fulminant Prism          Conj/Hex       1%         3d5       97%         4
 Iskenderun's Mystic Bla  Conj/Tloc      2%         2d3       97%         4
 Lee's Rapid Deconstruct  Erth           1%         3d4*      100%        5


Dungeon Overview and Level Annotations

Branches:
Dungeon (9/15)             Temple (0/1) D:4            Lair (2/5) D:8
  Swamp (0/4) Lair:2        Snake (0/4) Lair:2          Orc (0/2) D:9
Ossuary (visited)

Altars:
Cheibriados
Dithmenos
Gozag
Hepliaklqana
Makhleb
Nemelex Xobeh
Okawaru
Ru
Sif Muna

Shops:
D:1 !   D:3 [   D:5 ?


Innate Abilities, Weirdness & Mutations

A demonic guardian rushes to your aid.
You regenerate a little health from kills.
You are partially covered in razor-sharp scales. (AC +1, Slay +1)
You have a tail ending in a sharp stinger.


Message History

The splash of poison hits you but does no damage.
You resist.
You hit the naga.
The naga is lightly wounded.
The naga hits you with a +0 hand axe. You block the naga's attack.
Unknown command.
You closely miss the naga. You tail-slap the naga!
The naga is moderately wounded.
The naga hits you with a +0 hand axe. The naga grabs you.
The naga constricts you. The naga spits poison at you.
The splash of poison misses you. The naga closely misses you.
The naga constricts you.
You puncture the naga!
Your tail-slap misses the naga.
The naga is almost dead.
The naga hits you but does no damage. The naga hits you with a +0 battleaxe!!
The naga spits poison at you. The splash of poison misses you.
The naga constricts you.
Unknown command.
Your unstable footing causes you to fumble your attack.
A nearby plant withers and dies.
You block the naga's attack. The naga hits you with a +0 battleaxe!
The naga spits poison at you.
The splash of poison hits you but does no damage.
You resist. The naga constricts you. The naga barely misses you.
The naga misses you.
Your unstable footing causes you to fumble your attack.
The naga hits you with a +0 hand axe!
* * * LOW HITPOINT WARNING * * *
The naga constricts you.
* * * LOW HITPOINT WARNING * * *
A demonic guardian appears!
The naga hits you with a +0 hand axe!
* * * LOW HITPOINT WARNING * * *
The naga closely misses your orange demon.
The naga barely misses you. The naga spits poison at you.
The splash of poison misses you. The naga constricts you.
Unknown command.
You feel better. The naga hits you with a +0 hand axe!
You die...

...##.....##..##
~~~~~.....#.....#P...#
~~~~~~~..#......#...P#
~...~~~..........#...#
..~..~~~...#...###..P#
......~~.###...###..##
..>...~~............#
....P.N4............#
...~~~N@.............
~PP~~~N~............P
~~~~~~....#.#..##...#
~~~~~~.....##..# #...
P~.##......# ..# .. ..
##....## ..# . #....#
.. #....# ## .......


You could see 3 nagas and a friendly orange demon (summoned).

Vanquished Creatures
  A bog body (Lair:2)
  Pikel (D:7)
  6 elephants (Lair:1)
  2 cane toads (Lair:1)
  4 polar bears (Lair:1)
  3 blink frogs (Lair:1)
  A wyvern (D:9)
  8 yaks (Lair:1)
  A steam dragon (D:8)
  Menkaure (Ossuary)
  An acid dragon (D:9)
  4 water moccasins
  2 sky beasts
  5 black bears
  An ice beast (D:6)
  3 orc warriors
  4 ogres
  3 centaurs
  3 kobold brigands
  6 bullfrogs
  5 scorpions
  2 gnoll sergeants
  8 wights
  10 killer bees
  A gnoll bouda (D:6)
  4 hounds
  4 jellies
  2 sleepcaps
  6 iguanas
  4 orc wizards
  3 mummies (Ossuary)
  Robin (D:3)
  8 adders
  12 gnolls
  An ufetubus (D:5)
  2 worms
  3 dart slugs
  32 orcs
  6 ball pythons
  6 bats
  9 endoplasms
  3 giant cockroaches
  4 gnoll zombies (Ossuary)
  8 hobgoblins
  9 jackals
  6 quokkas
  4 frilled lizards
  4 gnoll skeletons (Ossuary)
  11 goblins
  5 goblin skeletons (Ossuary)
  5 goblin zombies (Ossuary)
  4 hobgoblin skeletons (Ossuary)
  4 hobgoblin zombies (Ossuary)
  20 kobolds
  6 kobold skeletons (Ossuary)
  8 kobold zombies (Ossuary)
  4 orc skeletons (Ossuary)
  2 orc zombies (Ossuary)
  4 rats
  2 rat skeletons (Ossuary)
  2 rat zombies (Ossuary)
304 creatures vanquished.

Vanquished Creatures (collateral kills)
  A komodo dragon (Lair:2)
  A polar bear (Lair:1)
  2 yaks (Lair:1)
  A water moccasin (Lair:1)
  An orc warrior (D:9)
  An ogre (D:5)
  A bullfrog (Lair:1)
  5 orcs (D:9)
13 creatures vanquished.

Vanquished Creatures (others)
  An orc wizard (D:5)
  An orc (D:5)
  5 fungi
  7 plants
14 creatures vanquished.

Grand Total: 331 creatures vanquished

Notes
Turn   | Place    | Note
-------+----------+-------------------------------------------
     0 | D:1      | Newt the Demonspawn Gladiator began the quest for the Orb.
     0 | D:1      | Reached XP level 1. HP: 16/16 MP: 1/1
   217 | D:1      | Gained mutation: You regenerate a little health from kills.
                  | [demonic ancestry]
   217 | D:1      | Reached XP level 2. HP: 23/23 MP: 2/2
   351 | D:1      | Found Issigy Ulus's Distillery.
   643 | D:1      | Bought a potion of curing for 39 gold pieces
   786 | D:2      | Identified the +11 mace "Tormentor" {heavy, *Corrode Str+3
                  | Int+9}
   817 | D:2      | Reached XP level 3. HP: 29/29 MP: 3/3
  1339 | D:2      | Noticed a great orb of eyes
  1341 | D:2      | Found a faded altar of an unknown god.
  1348 | D:2      | Noticed an eye of devastation
  1348 | D:2      | Noticed a floating eye
  1348 | D:2      | Noticed an eye of devastation
  1649 | D:3      | Reached skill level 1 in Maces & Flails
  1821 | D:3      | Noticed Robin
  1823 | D:3      | Reached XP level 4. HP: 32/37 MP: 4/4
  1841 | D:3      | Killed Robin
  1869 | D:3      | Found a sacrificial altar of Ru.
  1875 | D:3      | Found an iron altar of Okawaru.
  1932 | D:3      | Found a shimmering blue altar of Sif Muna.
  1954 | D:3      | Found a burning altar of Makhleb.
  1963 | D:3      | Became a worshipper of Makhleb the Destroyer
  1990 | D:3      | Found Suchonag's Antique Armour Emporium.
  2031 | D:3      | Learned a level 2 spell: Wereblood
  2407 | D:4      | Found an opulent altar of Gozag.
  2424 | D:4      | Gained mutation: You have a small tail. [demonic ancestry]
  2424 | D:4      | Reached XP level 5. HP: 42/42 MP: 5/5
  2446 | D:4      | Noticed an ogre
  2452 | D:4      | Killed an ogre
  2654 | D:4      | Gained mutation: You are partially covered in razor-sharp
                  | scales. (AC +1, Slay +1) [demonic ancestry]
  2654 | D:4      | Reached XP level 6. HP: 48/48 MP: 6/6
  2886 | D:4      | Found a staircase to the Ecumenical Temple.
  2947 | D:4      | Reached * piety under Makhleb
  3022 | D:4      | Noticed a water moccasin
  3031 | D:4      | Killed a water moccasin
  3032 | D:4      | Reached skill level 5 in Maces & Flails
  3032 | D:4      | Reached skill level 1 in Spellcasting
  3032 | D:4      | Reached skill level 1 in Transmutations
  3462 | D:4      | Gained mutation: A weak demonic guardian rushes to your
                  | aid. [demonic ancestry]
  3462 | D:4      | Reached XP level 7. HP: 54/54 MP: 9/9
  3620 | D:5      | Entered Level 5 of the Dungeon
  3620 | D:5      | Found Husom's Magic Scroll Emporium.
  3623 | D:5      | Bought a scroll of identify for 30 gold pieces
  3623 | D:5      | Bought a scroll of identify for 30 gold pieces
  3623 | D:5      | Bought a scroll of identify for 30 gold pieces
  3890 | D:5      | Gained mutation: A demonic guardian rushes to your aid.
                  | [demonic ancestry]
  3890 | D:5      | Reached XP level 8. HP: 58/60 MP: 12/12
  3928 | D:5      | Found a snail-covered altar of Cheibriados.
  4219 | D:5      | Reached skill level 5 in Dodging
  4346 | D:5      | Reached ** piety under Makhleb
  5049 | D:6      | Found a sand-covered staircase.
  5058 | Ossuary  | Entered an ossuary
  5316 | Ossuary  | Reached *** piety under Makhleb
  5342 | Ossuary  | Noticed Menkaure
  5348 | Ossuary  | Killed Menkaure
  5536 | D:6      | Reached XP level 9. HP: 60/65 MP: 13/13
  5636 | D:6      | Reached skill level 1 in Armour
  6168 | D:7      | Noticed Pikel
  6178 | D:7      | Killed Pikel
  6410 | D:7      | Reached **** piety under Makhleb
  6443 | D:7      | Identified a scroll of acquirement
  6443 | D:7      | Acquired the +5 dire flail of Valour {heavy, rPois rC+
                  | Dex+2}
  6647 | D:7      | Reached skill level 5 in Armour
  7066 | D:8      | You fall into a shaft and drop 1 floor!
  7193 | D:9      | Gained mutation: You have a tail ending in a sharp stinger.
                  | [demonic ancestry]
  7193 | D:9      | Reached XP level 10. HP: 58/69 MP: 14/14
  7304 | D:9      | Found a staircase to the Orcish Mines.
  7355 | D:8      | Found a shadowy altar of Dithmenos.
  7408 | D:8      | Found a staircase to the Lair.
  7456 | D:8      | Found a hazy altar of Hepliaklqana.
  7768 | D:8      | Found a sparkling altar of Nemelex Xobeh.
  7776 | D:8      | Reached ***** piety under Makhleb
  8180 | Lair:1   | Entered Level 1 of the Lair of Beasts
  8204 | Lair:1   | Noticed a cane toad
  8208 | Lair:1   | Killed a cane toad
  8274 | Lair:1   | Noticed an elephant
  8274 | Lair:1   | Noticed an elephant
  8275 | Lair:1   | Noticed an elephant
  8287 | Lair:1   | Killed an elephant
  8287 | Lair:1   | Noticed an elephant
  8293 | Lair:1   | Noticed an elephant
  8295 | Lair:1   | Killed an elephant
  8296 | Lair:1   | Noticed an elephant
  8297 | Lair:1   | Killed an elephant
  8298 | Lair:1   | Reached skill level 5 in Spellcasting
  8298 | Lair:1   | Reached skill level 5 in Transmutations
  8307 | Lair:1   | Killed an elephant
  8312 | Lair:1   | Killed an elephant
  8313 | Lair:1   | Reached XP level 11. HP: 29/77 MP: 19/19
  8459 | Lair:1   | Reached skill level 1 in Invocations
  8464 | Lair:1   | Reached skill level 2 in Invocations
  8638 | Lair:1   | Reached skill level 3 in Invocations
  8643 | Lair:1   | Reached skill level 4 in Invocations
  8643 | Lair:1   | Identified the +0 great mace "Eraot" {vamp, rPois rF++ rC-
                  | Stlth+}
  8783 | Lair:1   | Reached skill level 5 in Invocations
  8791 | Lair:1   | Reached skill level 6 in Invocations
  9103 | Lair:1   | Reached skill level 7 in Invocations
  9139 | Lair:1   | Reached skill level 8 in Invocations
  9710 | Lair:2   | Reached skill level 9 in Invocations
  9794 | Lair:2   | Acquired 566 gold pieces
  9818 | Lair:2   | Found a staircase to the Swamp.
  9818 | Lair:2   | Noticed a bog body
  9823 | Lair:2   | Killed a bog body
  9996 | Lair:2   | Found a staircase to the Snake Pit.
 10005 | Lair:2   | Slain by a naga

Illustrated notes

Levels and vault maps discovered:
D:1:      psy_arrival_dodecagon, layout_loops_ring, serial_shops,
          nicolae_shop_waterfront
D:2:      minmay_door_path, layout_basic, serial_corexii_hall,
          chequers_hall_statues_corner_a, corexii_hall_statues_s,
          hellmonk_ecumenical_altar_watching_god
D:3:      layout_rooms, nicolae_overflow_crystal_walls,
          mainiacjoe_overflow_six_doors_small, minitemple, serial_shops,
          nicolae_diamond_shop, uniq_robin
D:4:      layout_basic, nicolae_gozag_cash_rules_everything_around_me,
          minmay_temple_entry_stoned_glass
D:5:      old_forge, layout_loops_ring, mainiacjoe_overflow_24_doors,
          roderic_nine_men_s_morris, nicolae_stop_n_shop_2,
          minmay_fractal_squares_diagonal_5
D:6:      layout_loops_ring, enter_ossuary_2, corexii_item_surrounded_by_moat,
          kennysheep_generic_room_12
D:7:      layout_loops_ring, corexii_item_surrounded_by_moat, uniq_pikel
D:8:      minmay_skewed_foursquare, layout_loops_cross,
          grunt_dithmenos_smoke_and_mirrors, mainiacjoe_overflow_paths,
          mainiacjoe_overflow_tiny_flanked, hangedman_abyss_or_decor_clamps
D:9:      layout_cave_pods, david_orc_2, dreamdust_wishing_well,
          kennysheep_path_1, minmay_strange_pillars
Lair:1:   beast_lair_carwin_large_2, layout_gridlike,
          chequers_serial_rivers_small_a
Lair:2:   layout_regular_city, skrybe_swamp_entry_bodies,
          guppyfry_snake_entry_island, ebering_ghost_rock_garden,
          grunt_megastairs_2

Skill      XL: |  1  2  3  4  5  6  7  8  9 10 11 |
---------------+----------------------------------+-----
Fighting       | 3 4 |  4.0
Maces & Flails | 1 3 4 5 7 8 |  8.0
Spellcasting   | 1 3 5 |  5.8
Transmutations | 1 3 5 |  5.8
Dodging        | 4 5 |  5.0
Armour         | 5 8 |  8.0
Shields        | 4 |  4.3
Invocations    | 9 |  9.9
Short Blades   | |  2.6
Throwing       | |  1.7

Action                     |  1- 3 |  4- 6 |  7- 9 | 10-12 || total
---------------------------+-------+-------+-------+-------++-------
  Melee: Rapier            |    58 |       |       |       ||    58
         Mace              |    48 |    62 |   230 |       ||   340
         Tailslap          |       |     1 |    25 |    33 ||    59
         Punch             |       |       |     1 |       ||     1
         Dire flail        |       |       |    52 |   197 ||   249
  Throw: Throwing net      |     2 |       |     2 |     1 ||     5
         Dart              |       |     2 |       |       ||     2
   Cast: Wereblood         |       |       |    13 |    11 ||    24
 Invoke: Major Destruction |       |       |       |     3 ||     3
         Lesser Servant of |       |       |       |     1 ||     1
  Evoke: Wand              |       |       |       |     2 ||     2
    Use: Scroll            |     5 |     2 |    15 |     3 ||    25
         Potion            |       |     1 |     3 |     2 ||     6
   Stab: Sleeping          |     4 |     1 |       |       ||     5
 Armour: Leather armour    |    32 |    12 |       |       ||    44
         Ring mail         |       |     1 |    69 |   143 ||   213
  Dodge: Dodged            |   102 |    60 |   265 |   384 ||   811
  Block: Kite shield       |       |       |    28 |       ||    28
         Other             |       |       |    15 |    97 ||   112
         Reflection        |       |       |     1 |     3 ||     4

Table legend: (Time is in decaauts)
 A = Elapsed time spent in this place.
 B = Non-inter-level travel time spent in this place.
 C = Inter-level travel time spent in this place.
 D = Time resting spent in this place.
 E = Time spent auto-exploring this place.
 F = Levels seen in this place.
 G = Mean time per level.
                   A        B        C        D        E       F      G
               +--------+--------+--------+--------+--------+-----+--------+
         Total |  10338 |   9957 |    381 |   1267 |   6775 |  12 |  861.5 |
       Dungeon |   8068 |   7787 |    281 |    700 |   5649 |   9 |  896.4 |
          Lair |   1870 |   1770 |    100 |    567 |    928 |   2 |  935.0 |
       Ossuary |    398 |    398 |      0 |      0 |    198 |   1 |  398.0 |
               +--------+--------+--------+--------+--------+-----+--------+

Top non-repeatable levels by time:
  Lair:1: 1552 daAuts
     D:4: 1392 daAuts
     D:5: 1390 daAuts
     D:8: 937 daAuts
     D:7: 864 daAuts
     D:6: 848 daAuts
     D:2: 845 daAuts
     D:1: 782 daAuts
     D:3: 705 daAuts
 Ossuary: 398 daAuts
  Lair:2: 318 daAuts
     D:9: 301 daAuts
